 Dungeon Crawl Stone Soup version 0.27.1-3-gb3d3a73c9e (webtiles) character file.

Game seed: 308537426322460291

504 soylentgreeen202 the Insei (level 7, -2/46 HPs)
             Began as a Gnoll Transmuter on Oct 25, 2021.
             Was a Believer of Uskayaw.
             Succumbed to a kobold brigand's poison
             ... in a sewer on Oct 26, 2021.
             The game lasted 00:25:18 (4173 turns).

soylentgreeen202 the Insei (Gnoll Transmuter)       Turns: 4173, Time: 00:25:19

Health: -2/46      AC:  5    Str: 11    XL:     7   Next: 17%
Magic:  14/15      EV: 13    Int: 13    God:    Uskayaw [**....]
Gold:   1212       SH:  0    Dex: 12    Spells: 14/17 levels left

rFire    . . .     SeeInvis .     - Unarmed
rCold    . . .     Faith    .   (no shield)
rNeg     . . .     Spirit   .   a - +2 robe
rPois    .         Reflect  .   k - +0 helmet
rElec    .         Harm     .   (no cloak)
rCorr    .         Rampage  .   (no gloves)
Will     .....                  (no boots)
Stlth    ++........             (no amulet)
HPRegen  0.15/turn              (no ring)
MPRegen  0.14/turn              (no ring)

@: lethally poisoned (-2 -> -14), wereblooded
A: fangs 1, strong nose, distributed training, frail 1, evolution 1
a: Renounce Religion, Stomp, Line Pass


You were in a sewer.
You worshipped Uskayaw.
Uskayaw was noncommittal.
You visited 1 branch of the dungeon, and saw 3 of its levels.
You also visited: Sewer.

You collected 1212 gold pieces.

Inventory:

Hand Weapons
 f - a +0 hunting sling
 o - a +0 club
Missiles
 c - 72 bolts
 d - 24 sling bullets
 h - 37 stones
 m - 10 poisoned darts
 s - 19 arrows
Armour
 a - a +2 robe (worn)
 b - a +0 leather armour
 g - a +0 leather armour
 k - a +0 helmet (worn)
 r - a +0 tower shield
 v - a +1 chain mail of willpower
Jewellery
 l - a ring of protection from cold
Scrolls
 i - a scroll of identify
 j - a scroll of brand weapon {unknown}
 n - 2 scrolls of summoning {unknown}
 u - 2 scrolls of noise {unknown}
 w - a scroll of fear {unknown}
Potions
 e - a potion of brilliance


   Skills:
 + Level 3.5 Fighting
 + Level 2.3 Short Blades
 + Level 2.3 Long Blades
 + Level 2.3 Axes
 + Level 2.3 Maces & Flails
 + Level 2.3 Polearms
 + Level 2.3 Staves
 + Level 2.3 Slings
 + Level 2.3 Bows
 + Level 2.3 Crossbows
 + Level 2.3 Throwing
 + Level 2.3 Armour
 + Level 5.1 Dodging
 + Level 2.3 Stealth
 + Level 2.3 Shields
 + Level 7.0 Unarmed Combat
 + Level 5.5 Spellcasting
 + Level 1.9 Conjurations
 + Level 1.9 Hexes
 + Level 1.9 Summonings
 + Level 1.9 Necromancy
 + Level 1.9 Translocations
 + Level 4.2 Transmutations
 + Level 1.9 Fire Magic
 + Level 1.9 Ice Magic
 + Level 1.9 Air Magic
 + Level 1.9 Earth Magic
 + Level 1.9 Poison Magic
 + Level 2.5 Invocations
 + Level 2.3 Evocations


You had 14 spell levels left.
You knew the following spells:

 Your Spells              Type           Power      Damage    Failure   Level
a - Beastly Appendage     Tmut           28%        N/A       3%          1
b - Wereblood             Tmut           14%        N/A       4%          2

Your spell library contained the following spells:

 Spells                   Type           Power      Damage    Failure   Level
 Spider Form              Tmut/Pois      5%         N/A       16%         3
 Ice Form                 Ice/Tmut       11%        N/A       45%         4


Dungeon Overview and Level Annotations

Branches:
Dungeon (3/15)              Sewer (1/1)

Altars:
Uskayaw

Shops:
D:1 (?([


Innate Abilities, Weirdness & Mutations

You have very sharp teeth.
Your uncanny sense of smell can sniff out nearby items.
Your experience applies equally to all skills.
You are frail. (-10% HP)
You evolve.


Message History

You are more poisoned.
Okay, then.
You hit the kobold brigand.
The kobold brigand is severely wounded.
You feel very sick.
The kobold brigand splashes around in the water.
You can now pass through a line of other dancers.
You closely miss the kobold brigand.
The kobold brigand is severely wounded.
You feel sick. The kobold brigand barely misses you.
The kobold brigand splashes around in the water.
You barely miss the kobold brigand.
The kobold brigand is severely wounded.
You feel sick.
The kobold brigand hits you with a +0 dagger of venom.
* * * LOW HITPOINT WARNING * * *
You are lethally poisoned!
The kobold brigand completely misses you.
You punch the kobold brigand!
You feel a bit better.
You kill the kobold brigand!
You hear a splash. x2
You howl as the wereblood boils in your veins!
* * * LOW HITPOINT WARNING * * *
You feel very sick. The kobold brigand misses you.
Your Unarmed Combat skill increases to level 7!
You hit the kobold brigand. You bite the kobold brigand.
The kobold brigand is lightly wounded.
* * * LOW HITPOINT WARNING * * *
You feel very sick.
It was a potion of mutation.
You feel extremely strange.
You feel nature experimenting on you.
Don't worry, failures die fast.
You feel frail.
* * * LOW HITPOINT WARNING * * *
You feel very sick. The kobold brigand barely misses you.
Okay, then.
You hit the kobold brigand.
The kobold brigand is moderately wounded.
You die...

#≈≈..≈≈....≈. #≈≈≈.≈≈≈∩.∩..
#≈≈≈≈..≈...≈≈ #######
##≈≈≈≈≈.....≈≈ #.≈≈≈.#####
##..≈.≈≈≈≈≈≈.≈.
#####≈†≈≈≈####..≈.##≈≈≈≈..≈≈
#.≈≈≈≈###≈≈.≈≈.≈≈####≈..≈≈≈≈
####### #≈K.≈≈≈.≈# ##≈≈≈≈..≈
.K≈≈≈###≈)@≈.≈.####≈.≈.≈≈≈≈
#≈≈≈≈≈########≈≈≈.≈≈≈≈≈≈
.≈≈≈≈##### #≈≈≈..#####≈ ###
#≈≈≈.## ## #≈≈.## # #.≈.#
#.≈≈# ##≈≈.## # #..≈≈.# #


You could see a kobold brigand.

Vanquished Creatures
  Sigmund (D:2)
  3 kobold brigands (Sewer)
  2 river rats (Sewer)
  6 adders
  4 worms (Sewer)
  A dart slug (D:2)
  2 bats (D:2)
  5 endoplasms
  2 giant cockroaches
  5 goblins
  6 hobgoblins
  A jackal (D:2)
  2 quokkas (D:2)
  9 ball pythons
  11 kobolds
  7 rats
67 creatures vanquished.

Notes
Turn   | Place    | Note
-------+----------+-------------------------------------------
     0 | D:1      | soylentgreeen202 the Gnoll Transmuter began the quest for
                  | the Orb.
     0 | D:1      | Reached XP level 1. HP: 17/17 MP: 6/6
   138 | D:1      | Found Gigorphoa's Antique Weapon Boutique.
   258 | D:1      | Found Ysicwett's Magic Scroll Emporium.
   509 | D:1      | Found Pytipsaf's Antique Weapon Shoppe.
   529 | D:1      | Found Geas's Antique Armour Shoppe.
   727 | D:2      | Reached XP level 2. HP: 20/23 MP: 5/7
   761 | D:2      | Found a hide-covered altar of Uskayaw.
   836 | D:2      | Became a worshipper of Uskayaw the Reveller
   978 | D:1      | Reached * piety under Uskayaw
  1353 | D:2      | Reached ** piety under Uskayaw
  1553 | D:2      | Reached XP level 3. HP: 28/28 MP: 7/9
  1582 | D:2      | in:shop
  1596 | D:2      | Reached skill level 5 in Spellcasting
  1806 | D:2      | Learned a level 2 spell: Wereblood
  2002 | D:2      | Reached skill level 1 in Invocations
  2043 | D:2      | Noticed Sigmund
  2086 | D:2      | Killed Sigmund
  2087 | D:2      | Reached skill level 1 in Short Blades
  2087 | D:2      | Reached skill level 1 in Long Blades
  2087 | D:2      | Reached skill level 1 in Axes
  2087 | D:2      | Reached skill level 1 in Maces & Flails
  2087 | D:2      | Reached skill level 1 in Polearms
  2087 | D:2      | Reached skill level 1 in Staves
  2087 | D:2      | Reached skill level 1 in Slings
  2087 | D:2      | Reached skill level 1 in Bows
  2087 | D:2      | Reached skill level 1 in Crossbows
  2087 | D:2      | Reached skill level 1 in Throwing
  2087 | D:2      | Reached skill level 1 in Armour
  2087 | D:2      | Reached skill level 1 in Stealth
  2087 | D:2      | Reached skill level 1 in Shields
  2087 | D:2      | Reached skill level 1 in Conjurations
  2087 | D:2      | Reached skill level 1 in Hexes
  2087 | D:2      | Reached skill level 1 in Summonings
  2087 | D:2      | Reached skill level 1 in Necromancy
  2087 | D:2      | Reached skill level 1 in Translocations
  2087 | D:2      | Reached skill level 1 in Fire Magic
  2087 | D:2      | Reached skill level 1 in Ice Magic
  2087 | D:2      | Reached skill level 1 in Air Magic
  2087 | D:2      | Reached skill level 1 in Earth Magic
  2087 | D:2      | Reached skill level 1 in Poison Magic
  2087 | D:2      | Reached skill level 1 in Evocations
  2087 | D:2      | Reached XP level 4. HP: 35/35 MP: 11/11
  2087 | D:2      | Reached XP level 5. HP: 41/41 MP: 12/12
  2464 | D:3      | Identified a scroll of acquirement
  2464 | D:3      | Acquired 1111 gold pieces
  2476 | D:3      | Found a glowing drain.
  2517 | D:3      | Reached XP level 6. HP: 21/47 MP: 11/13
  2517 | D:3      | Reached *** piety under Uskayaw
  2537 | Sewer    | Entered a sewer
  2783 | Sewer    | Reached skill level 5 in Dodging
  4129 | Sewer    | Reached XP level 7. HP: 52/52 MP: 13/15
  4171 | Sewer    | Reached skill level 7 in Unarmed Combat
  4172 | Sewer    | Gained mutation: You evolve. [potion of mutation]
  4172 | Sewer    | Gained mutation: You are frail. (-10% HP) [potion of
                  | mutation]
  4172 | Sewer    | HP: 1/46 [poisoned by a kobold brigand]
  4173 | Sewer    | Succumbed to a kobold brigand's poison

Illustrated notes

..........#.#.###.#
.##.##.##.#.#.###.#
....##.##.#.......#
##........###.#####
#..##.##.# #.#
##.##.##.###.# ##..........#
###.##.######### ###########
#.##.#.....@.# #....)..... ∆
##...#.#####.#####.########.
#####. #..........# #.
#.##.##.##....# #.
#.......##...## #. ∆ .
#.......###### #. .
#.......# ####### ##.
##.#.#.....# #.....# #..
...#.#.....###.....# #..


Turn 1582 on D:2: in:shop

Levels and vault maps discovered:
D:1:      dpeg_arrival_more_subterranean_lakeside_camping, layout_basic,
          serial_shops, nicolae_lakefront_shop, shop_statue, nicolae_shop_stone,
          shop, serial_park_tiny_1
D:2:      minmay_alternating_diamond, layout_loops_cross, basic_altar,
          minmay_tetromino_i2, uniq_sigmund
D:3:      wad_river_or_something, layout_rooms, cheibrodos_ashenzari_chains,
          lemuel_coloured_pillars_altar, gup_sewer_entry_glass,
          ebering_ghost_sewer_f, dreamdust_ecumenical_altar_grove,
          grunt_ministairs_7, minmay_misc_feat_doors, corexii_leaking_fountain,
          patterned_corridor
Sewer:    sewer_co_tree

Skill      XL: |  1  2  3  4  5  6  7 |
---------------+----------------------+-----
Spellcasting   | 5 |  5.5
Invocations    | 1 2 |  2.5
Fighting       | 3 |  3.5
Short Blades   | 1 2 |  2.3
Long Blades    | 1 2 |  2.3
Axes           | 1 2 |  2.3
Maces & Flails | 1 2 |  2.3
Polearms       | 1 2 |  2.3
Staves         | 1 2 |  2.3
Slings         | 1 2 |  2.3
Bows           | 1 2 |  2.3
Crossbows      | 1 2 |  2.3
Throwing       | 1 2 |  2.3
Armour         | 1 2 |  2.3
Stealth        | 1 2 |  2.3
Shields        | 1 2 |  2.3
Conjurations   | 1 |  1.9
Hexes          | 1 |  1.9
Summonings     | 1 |  1.9
Necromancy     | 1 |  1.9
Translocations | 1 |  1.9
Transmutations | 4 |  4.2
Fire Magic     | 1 |  1.9
Ice Magic      | 1 |  1.9
Air Magic      | 1 |  1.9
Earth Magic    | 1 |  1.9
Poison Magic   | 1 |  1.9
Evocations     | 1 2 |  2.3
Dodging        | 5 |  5.1
Unarmed Combat | 7 |  7.0

Action                   |  1- 3 |  4- 6 |  7- 9 || total
-------------------------+-------+-------+-------++-------
Melee: Unarmed           |    62 |   120 |    16 ||   198
       Club              |     1 |       |       ||     1
       Kick              |    13 |    18 |     2 ||    33
       Headbutt          |     5 |    10 |     2 ||    17
       Bite              |     5 |     6 |     1 ||    12
       Punch             |     1 |     1 |       ||     2
 Fire: Hunting sling     |     7 |    24 |       ||    31
 Cast: Beastly Appendage |    17 |    16 |     1 ||    34
       Wereblood         |       |     3 |     1 ||     4
  Use: Potion            |     1 |     2 |     1 ||     4
       Scroll            |       |     7 |       ||     7
Armor: Robe              |     4 |    18 |       ||    22
       Skin              |       |    16 |       ||    16
Dodge: Dodged            |    36 |    93 |    10 ||   139
